[Event "FICS rated blitz game"]
[Site "FICS freechess.org"]
[FICSGamesDBGameNo "20000446"]
[White "chanchoman"]
[Black "Hasdrubal"]
[WhiteElo "1260"]
[BlackElo "1743"]
[WhiteRD "na"]
[BlackRD "na"]
[TimeControl "360+0"]
[Date "1999.04.18"]
[Time "21:12:00"]
[WhiteClock "0:06:00.000"]
[BlackClock "0:06:00.000"]
[ECO "A65"]
[PlyCount "69"]
[Result "0-1"]

1. d4 Nf6 2. c4 g6 3. Nc3 Bg7 4. e4 O-O 5. Bd3 d6 6. Nge2 c5 7. d5 e6 8. O-O exd5 9. cxd5 Nbd7 10. f4 a6 11. f5 b5 12. Ng3 Ne5 13. Bc2 Nfg4 14. h3 b4 15. Nce2 Nf6 16. fxg6 fxg6 17. Bg5 h6 18. Be3 Bd7 19. Nf4 Kh7 20. Qe2 Qe7 21. Rac1 Bb5 22. Nd3 Nfd7 23. Rf2 Rxf2 24. Bxf2 Rf8 25. Rf1 Nxd3 26. Bxd3 Bxd3 27. Qxd3 Bxb2 28. Be3 Be5 29. Rxf8 Qxf8 30. Qxa6 Bxg3 31. Qb7 Qf7 32. Qa6 Be5 33. g4 h5 34. gxh5 gxh5 35. Qe2 {White forfeits on time} 0-1

[Event "FICS rated blitz game"]
[Site "FICS freechess.org"]
[FICSGamesDBGameNo "20000445"]
[White "EEBEE"]
[Black "FunkyChess"]
[WhiteElo "1236"]
[BlackElo "1388"]
[WhiteRD "na"]
[BlackRD "na"]
[TimeControl "300+0"]
[Date "1999.04.18"]
[Time "17:39:00"]
[WhiteClock "0:05:00.000"]
[BlackClock "0:05:00.000"]
[ECO "C40"]
[PlyCount "123"]
[Result "1-0"]

1. e4 e5 2. Nf3 Bc5 3. Nxe5 d6 4. Nf3 Bg4 5. h3 Bh5 6. Be2 Nf6 7. Ng1 Bxe2 8. Qxe2 O-O 9. Nf3 Re8 10. d4 Rxe4 11. Qxe4 Nxe4 12. O-O Bb6 13. c3 h6 14. Na3 d5 15. Nc2 Nd7 16. Ne3 Ndf6 17. Re1 c6 18. a3 Bc7 19. b4 Qd6 20. Nf5 Qe6 21. Ne3 Nxc3 22. Bd2 Nce4 23. Nh4 Nxd2 24. Nef5 Qd7 25. Re7 Qd8 26. Re2 Nde4 27. Rae1 g6 28. Nxh6+ Kg7 29. Nxf7 Kxf7 30. f3 Ng3 31. Re7+ Qxe7 32. Rxe7+ Kxe7 33. Nxg6+ Kf7 34. Nh4 Ne2+ 35. Kf2 Nxd4 36. g4 Nb5 37. a4 Nc3 38. a5 Bd6 39. Nf5 Bxb4 40. Nh6+ Kg6 41. g5 Nh5 42. h4 Bxa5 43. Ke3 Bb6+ 44. Kd3 d4 45. Kc4 Rf8 46. Ng4 Nf4 47. Ne5+ Kf5 48. Nd7 Rd8 49. Nf6 Bc7 50. Ne4 b5+ 51. Kb4 Nd3+ 52. Kb3 a5 53. Nxc3 a4+ 54. Kc2 Ne1+ 55. Kd1 Bg3 56. Ne2 d3 57. Nxg3+ Kf4 58. Nh5+ Kxf3 59. Kxe1 d2+ 60. Kd1 Rh8 61. Nf6 Rxh4 62. Nd7 {Black forfeits on time} 1-0

[Event "FICS rated blitz game"]
[Site "FICS freechess.org"]
[FICSGamesDBGameNo "20000444"]
[White "rafguy"]
[Black "CanniBanni"]
[WhiteElo "1921"]
[BlackElo "1931"]
[WhiteRD "na"]
[BlackRD "na"]
[TimeControl "180+0"]
[Date "1999.04.18"]
[Time "16:35:00"]
[WhiteClock "0:03:00.000"]
[BlackClock "0:03:00.000"]
[ECO "A46"]
[PlyCount "46"]
[Result "0-1"]

1. d4 c5 2. e3 Nf6 3. Nf3 Nc6 4. c3 e6 5. Bd3 Qc7 6. Nbd2 d6 7. O-O e5 8. dxc5 dxc5 9. e4 Bg4 10. h3 Bh5 11. Qa4 Be7 12. Bb5 O-O 13. Bxc6 bxc6 14. Nc4 Bxf3 15. gxf3 Nh5 16. Rd1 f5 17. Na5 fxe4 18. fxe4 Bh4 19. Be3 Rf6 20. Kh2 Bxf2 21. Bg5 Rg6 22. h4 h6 23. Qc4+ Kh7 {White forfeits on time} 0-1

[Event "FICS rated blitz game"]
[Site "FICS freechess.org"]
[FICSGamesDBGameNo "20000443"]
[White "Sizeboli"]
[Black "picus"]
[WhiteElo "1703"]
[BlackElo "1963"]
[WhiteRD "na"]
[BlackRD "na"]
[TimeControl "300+0"]
[Date "1999.04.18"]
[Time "13:47:00"]
[WhiteClock "0:05:00.000"]
[BlackClock "0:05:00.000"]
[ECO "B06"]
[PlyCount "84"]
[Result "0-1"]

1. e4 g6 2. d4 c6 3. d5 d6 4. Nc3 Bg7 5. Nf3 Nd7 6. Bg5 Qa5 7. Qd2 Ngf6 8. Bd3 Ng4 9. dxc6 bxc6 10. O-O Bxc3 11. bxc3 Nde5 12. Nxe5 Qxe5 13. Bf4 Qh5 14. f3 Ne5 15. g4 Qh3 16. Bxe5 dxe5 17. Qg2 Qh4 18. Qg3 Qg5 19. f4 exf4 20. Rxf4 Qc5+ 21. Kg2 Qxc3 22. Raf1 Be6 23. e5 Qxe5 24. Be4 O-O 25. h4 Rad8 26. R1f2 Bd5 27. Bxd5 Qxd5+ 28. Kh3 e5 29. R4f3 e4 30. Rf4 Rde8 31. h5 g5 32. Rf5 Qd8 33. Qe3 f6 34. h6 Rf7 35. Kg2 Ree7 36. Rd2 Qf8 37. Rd6 Qxh6 38. Rxc6 Kg7 39. Kg3 Qh4+ 40. Kg2 Qxg4+ 41. Kf1 Qxf5+ 42. Ke1 Rd7 {White resigns} 0-1

[Event "FICS rated blitz game"]
[Site "FICS freechess.org"]
[FICSGamesDBGameNo "20000442"]
[White "vklein"]
[Black "izit"]
[WhiteElo "1481"]
[BlackElo "1640"]
[WhiteRD "na"]
[BlackRD "na"]
[TimeControl "240+0"]
[Date "1999.04.18"]
[Time "12:05:00"]
[WhiteClock "0:04:00.000"]
[BlackClock "0:04:00.000"]
[ECO "B30"]
[PlyCount "58"]
[Result "1-0"]

1. e4 c5 2. Nf3 Nc6 3. g3 g6 4. Bg2 Bg7 5. O-O Nf6 6. d3 d6 7. Nbd2 e5 8. Rb1 O-O 9. b3 Rb8 10. Bb2 Qa5 11. a4 b5 12. Ra1 Qc7 13. Ra2 bxa4 14. Rxa4 Bd7 15. Ra2 Nb4 16. Ra1 Rfc8 17. c3 Nxd3 18. Qc2 Nxb2 19. Qxb2 c4 20. b4 d5 21. exd5 Nxd5 22. Ng5 Nf6 23. Nde4 Nxe4 24. Nxe4 a5 25. Rxa5 Qxa5 26. Nd6 Rc7 27. Nxc4 Rxc4 28. Qe2 Qc7 29. Rd1 Rxc3 {Black resigns} 1-0

[Event "FICS rated blitz game"]
[Site "FICS freechess.org"]
[FICSGamesDBGameNo "20000440"]
[White "Krastapov"]
[Black "Detritius"]
[WhiteElo "2194"]
[BlackElo "2030"]
[WhiteRD "na"]
[BlackRD "na"]
[TimeControl "180+0"]
[Date "1999.04.17"]
[Time "16:38:00"]
[WhiteClock "0:03:00.000"]
[BlackClock "0:03:00.000"]
[ECO "B02"]
[PlyCount "47"]
[Result "1-0"]

1. e4 Nf6 2. Nc3 d5 3. exd5 Nxd5 4. Bc4 c6 5. Qf3 e6 6. Nge2 Nd7 7. d4 N7f6 8. O-O Bd6 9. Ne4 Nxe4 10. Qxe4 O-O 11. Bb3 Bc7 12. c4 Nf6 13. Qh4 c5 14. Rd1 Qe7 15. dxc5 Qxc5 16. Be3 Qe5 17. Bf4 Qc5 18. Nc3 b6 19. Be3 Qe5 20. Bd4 Qh5 21. Bxf6 Qf5 22. Bd4 Bb7 23. Rac1 Rad8 24. Bc2 {Black resigns} 1-0

[Event "FICS rated blitz game"]
[Site "FICS freechess.org"]
[FICSGamesDBGameNo "20000439"]
[White "Lomboc"]
[Black "robos"]
[WhiteElo "1757"]
[BlackElo "1786"]
[WhiteRD "na"]
[BlackRD "na"]
[TimeControl "300+0"]
[Date "1999.04.16"]
[Time "23:34:00"]
[WhiteClock "0:05:00.000"]
[BlackClock "0:05:00.000"]
[ECO "B01"]
[PlyCount "98"]
[Result "0-1"]

1. e4 d5 2. exd5 Nf6 3. d4 Nxd5 4. Nf3 Bg4 5. Be2 e6 6. O-O Nc6 7. c3 Be7 8. Nbd2 O-O 9. Ne4 h6 10. h3 Bh5 11. Ng3 Bg6 12. Bd3 Bxd3 13. Qxd3 Nf6 14. Re1 Bd6 15. Ne4 Nxe4 16. Qxe4 Rb8 17. Be3 Ne7 18. Ne5 Nf5 19. Ng4 Nxe3 20. fxe3 Qe7 21. Nh2 e5 22. Rf1 c6 23. Rf3 exd4 24. Qxe7 Bxe7 25. exd4 c5 26. d5 Rbd8 27. c4 Bf6 28. Rb1 Rfe8 29. Kf1 Re4 30. b3 Rde8 31. Ng4 Bd4 32. b4 b6 33. bxc5 Bxc5 34. Rg3 Kf8 35. Rd3 f5 36. Nh2 Rxc4 37. d6 Rc2 38. Nf3 Rf2+ 39. Kg1 Rb2+ 40. Kh2 Rxb1 41. d7 Rd8 42. Ne5 Bg1+ 43. Kg3 f4+ 44. Kg4 h5+ 45. Kf5 Rb5 46. Ke6 Rxe5+ 47. Kxe5 Ke7 48. Kxf4 Rxd7 49. Rd1 Bh2+ {White resigns} 0-1

[Event "FICS rated lightning game"]
[Site "FICS freechess.org"]
[FICSGamesDBGameNo "20000438"]
[White "niman"]
[Black "EdoTK"]
[WhiteElo "1737"]
[BlackElo "1687"]
[WhiteRD "na"]
[BlackRD "na"]
[TimeControl "120+0"]
[Date "1999.04.16"]
[Time "16:36:00"]
[WhiteClock "0:02:00.000"]
[BlackClock "0:02:00.000"]
[ECO "A68"]
[PlyCount "109"]
[Result "1-0"]

1. d4 Nf6 2. c4 c5 3. d5 e6 4. Nc3 exd5 5. cxd5 g6 6. e4 Bg7 7. f4 O-O 8. Nf3 d6 9. Be2 a6 10. O-O b5 11. Be3 b4 12. Na4 Nxe4 13. Bd3 Bf5 14. Qc2 Nd7 15. Bxe4 Bxe4 16. Qxe4 Qa5 17. Qc2 Rae8 18. Rae1 Nf6 19. b3 Nxd5 20. Bc1 Qd8 21. Bb2 Nxf4 22. Bxg7 Kxg7 23. Nb2 d5 24. Qd2 Ne6 25. Nd3 c4 26. bxc4 dxc4 27. Nf4 Qxd2 28. Nxd2 Nxf4 29. Rxe8 Rxe8 30. Rxf4 c3 31. Nb3 a5 32. Kf2 a4 33. Rxb4 axb3 34. Rxb3 Rc8 35. Rb1 c2 36. Rc1 Kf6 37. Ke2 Kf5 38. Kd2 Kf4 39. Rxc2 Rxc2+ 40. Kxc2 Ke3 41. Kc3 Kf2 42. a4 Kxg2 43. a5 f5 44. a6 f4 45. a7 f3 46. a8=Q Kxh2 47. Qxf3 g5 48. Kd2 h5 49. Qxh5+ Kg3 50. Qxg5+ Kf3 51. Qe5 Kg4 52. Ke3 Kh3 53. Qg5 Kh2 54. Kf2 Kh3 55. Qg3# {Black checkmated} 1-0

[Event "FICS rated blitz game"]
[Site "FICS freechess.org"]
[FICSGamesDBGameNo "20000437"]
[White "Bemused"]
[Black "Tabiya"]
[WhiteElo "1716"]
[BlackElo "1849"]
[WhiteRD "na"]
[BlackRD "na"]
[TimeControl "180+2"]
[Date "1999.04.16"]
[Time "04:57:00"]
[WhiteClock "0:03:00.000"]
[BlackClock "0:03:00.000"]
[ECO "C05"]
[PlyCount "48"]
[Result "0-1"]

1. e4 e6 2. d4 d5 3. Nd2 Nf6 4. e5 Nfd7 5. f4 c5 6. c3 Nc6 7. Ndf3 Qb6 8. h4 cxd4 9. cxd4 Bb4+ 10. Kf2 O-O 11. Be3 f6 12. Kg3 fxe5 13. fxe5 Ndxe5 14. Nxe5 Nxe5 15. Qh5 Nc6 16. Bd3 g6 17. Bxg6 Qc7+ 18. Kh3 e5+ 19. g4 hxg6 20. Qxg6+ Qg7 21. Qh5 Nxd4 22. Bh6 Qf7 23. Qg5+ Kh7 24. Rf1 Qxf1+ {White resigns} 0-1

[Event "FICS rated lightning game"]
[Site "FICS freechess.org"]
[FICSGamesDBGameNo "20000436"]
[White "barchi"]
[Black "Marve"]
[WhiteElo "1666"]
[BlackElo "1628"]
[WhiteRD "na"]
[BlackRD "na"]
[TimeControl "60+0"]
[Date "1999.04.15"]
[Time "14:43:00"]
[WhiteClock "0:01:00.000"]
[BlackClock "0:01:00.000"]
[ECO "A40"]
[PlyCount "88"]
[Result "0-1"]

1. d4 b6 2. c4 Bb7 3. Nc3 e6 4. e4 Bb4 5. Bd3 Bxc3+ 6. bxc3 c5 7. Nf3 cxd4 8. cxd4 Qc7 9. Be3 Nf6 10. Qc2 d5 11. cxd5 Qxc2 12. Bxc2 exd5 13. e5 Ne4 14. Bxe4 dxe4 15. Nd2 O-O 16. O-O Nd7 17. Nc4 Rac8 18. Rac1 Ba6 19. Nd2 Bxf1 20. Kxf1 Rxc1+ 21. Ke2 Rc2 22. Kd1 Rcc8 23. Nxe4 f6 24. exf6 Nxf6 25. Nxf6+ Rxf6 26. Kd2 Rfc6 27. Kd3 Rc3+ 28. Ke4 Re8+ 29. Kf3 Rf8+ 30. Ke4 Rc2 31. Kd3 Rxa2 32. d5 Rc8 33. Ke4 Ra3 34. d6 Rd8 35. Ke5 Rxe3+ 36. fxe3 Kf7 37. Kd5 Ke8 38. e4 Kd7 39. e5 Re8 40. g4 Re6 41. h4 h6 42. g5 a6 43. gxh6 gxh6 44. h5 a5 {White forfeits on time} 0-1

[Event "FICS rated blitz game"]
[Site "FICS freechess.org"]
[FICSGamesDBGameNo "20000433"]
[White "yoyo"]
[Black "MAITRE"]
[WhiteElo "1291"]
[BlackElo "1633"]
[WhiteRD "na"]
[BlackRD "na"]
[TimeControl "180+0"]
[Date "1999.04.15"]
[Time "04:10:00"]
[WhiteClock "0:03:00.000"]
[BlackClock "0:03:00.000"]
[ECO "B21"]
[PlyCount "52"]
[Result "0-1"]

1. e4 c5 2. f4 d5 3. e5 Nc6 4. Nf3 e6 5. Bb5 a6 6. Ba4 b5 7. Bb3 c4 8. Bxc4 bxc4 9. b3 cxb3 10. axb3 Bc5 11. c4 Nge7 12. Nc3 dxc4 13. bxc4 O-O 14. Ne4 Ba7 15. c5 Nd4 16. O-O Bb7 17. Neg5 h6 18. Nxd4 Qxd4+ 19. Kh1 Qxa1 20. d4 hxg5 21. fxg5 Rad8 22. Qg4 Qxd4 23. Qh3 Bxc5 24. g6 Nxg6 25. Bg5 Qd3 26. Bxd8 Qxf1# {White checkmated} 0-1

[Event "FICS rated blitz game"]
[Site "FICS freechess.org"]
[FICSGamesDBGameNo "20000431"]
[White "StormKiller"]
[Black "Kobor"]
[WhiteElo "1308"]
[BlackElo "1389"]
[WhiteRD "na"]
[BlackRD "na"]
[TimeControl "120+12"]
[Date "1999.04.14"]
[Time "13:41:00"]
[WhiteClock "0:02:00.000"]
[BlackClock "0:02:00.000"]
[ECO "A80"]
[PlyCount "94"]
[Result "0-1"]

1. d4 f5 2. Bf4 Nf6 3. Nc3 e6 4. a3 Be7 5. Nb5 Na6 6. e3 O-O 7. Nf3 Nh5 8. Be5 d6 9. Ng1 Qe8 10. Bxg7 Nxg7 11. Nf3 b6 12. d5 Qg6 13. Bc4 Kh8 14. g3 Bb7 15. Nc3 Nc5 16. b4 Nd7 17. dxe6 Ne5 18. Nxe5 dxe5 19. Rg1 Rad8 20. Qe2 a5 21. b5 Bf6 22. Rd1 Rxd1+ 23. Nxd1 Re8 24. Nb2 Nxe6 25. Bxe6 Rxe6 26. Nd3 Re8 27. c4 f4 28. Nc1 f3 29. Qd3 Qxd3 30. Nxd3 e4 31. Nc1 Bc3+ 32. Kd1 Rd8+ 33. Kc2 Bf6 34. g4 c6 35. a4 Be7 36. Rh1 Bb4 37. Nb3 Rd3 38. h4 Rc3+ 39. Kb2 Rd3 40. g5 cxb5 41. cxb5 Bd5 42. Nd4 Rd2+ 43. Kc1 Rxf2 44. Nf5 Bd2+ 45. Kb1 Bc3 46. Rd1 Ba2+ 47. Kc1 Bb2# {White checkmated} 0-1

[Event "FICS rated blitz game"]
[Site "FICS freechess.org"]
[FICSGamesDBGameNo "20000430"]
[White "marcs"]
[Black "qgd"]
[WhiteElo "1477"]
[BlackElo "1614"]
[WhiteRD "na"]
[BlackRD "na"]
[TimeControl "120+12"]
[Date "1999.04.14"]
[Time "11:03:00"]
[WhiteClock "0:02:00.000"]
[BlackClock "0:02:00.000"]
[ECO "A02"]
[PlyCount "112"]
[Result "1/2-1/2"]

1. f4 e5 2. fxe5 d6 3. exd6 Bxd6 4. Nf3 Nf6 5. g3 Nc6 6. e4 Nxe4 7. d3 Nf6 8. Nc3 Qe7+ 9. Qe2 Qxe2+ 10. Bxe2 a6 11. Bg5 Be7 12. O-O-O h6 13. Bf4 Kd8 14. Rde1 Nh5 15. Bd2 g6 16. Ne4 Nf6 17. Nxf6 Bxf6 18. Bf1 Be6 19. a3 Kd7 20. Bg2 Rad8 21. c3 Bg7 22. d4 Kc8 23. Kc2 Rhe8 24. Re3 Bf5+ 25. Kc1 Rxe3 26. Bxe3 Re8 27. Kd2 Na5 28. Bf4 Nc4+ 29. Kc1 g5 30. Nd2 Nxd2 31. Bxd2 Re2 32. Bf3 Re7 33. Re1 Rxe1+ 34. Bxe1 c6 35. Kd2 Kd7 36. Ke3 Kd6 37. c4 b5 38. c5+ Kd7 39. Ba5 Be6 40. Be4 f5 41. Bg2 Bf6 42. h3 h5 43. Bc3 Bd8 44. Bf3 g4 45. hxg4 hxg4 46. Be2 Bd5 47. Kf4 Ke6 48. Bd3 Bc7+ 49. Kg5 Bxg3 50. Bxf5+ Ke7 51. Bxg4 Bf2 52. Bc8 a5 53. b4 axb4 54. axb4 Be3+ 55. Kf5 Bg1 56. Ke5 Bh2+ {Game drawn by mutual agreement} 1/2-1/2

[Event "FICS rated lightning game"]
[Site "FICS freechess.org"]
[FICSGamesDBGameNo "20000429"]
[White "alexki"]
[Black "GOUPY"]
[WhiteElo "1743"]
[BlackElo "1707"]
[WhiteRD "na"]
[BlackRD "na"]
[TimeControl "60+0"]
[Date "1999.04.14"]
[Time "09:46:00"]
[WhiteClock "0:01:00.000"]
[BlackClock "0:01:00.000"]
[ECO "A00"]
[PlyCount "58"]
[Result "0-1"]

1. e3 c6 2. d4 d5 3. Nc3 Bf5 4. Nge2 Nd7 5. Ng3 Bg6 6. Bd3 e5 7. Bxg6 hxg6 8. dxe5 Nxe5 9. Qd4 Bd6 10. f4 Ng4 11. Qxg7 Qh4 12. Bd2 O-O-O 13. O-O-O Be7 14. Be1 Nxe3 15. Rd3 Qxf4 16. Bd2 Bg5 17. Qxh8 Qc4 18. Re1 d4 19. Bxe3 Bxe3+ 20. Rexe3 dxe3 21. Rxd8+ Kxd8 22. Qxg8+ Kc7 23. Nge4 Qf1+ 24. Nd1 e2 25. Qxf7+ Qxf7 26. Ndf2 e1=Q+ 27. Nd1 Qf4+ 28. Nd2 Qfxd2+ 29. Kb1 Qdxd1# {White checkmated} 0-1

[Event "FICS rated blitz game"]
[Site "FICS freechess.org"]
[FICSGamesDBGameNo "20000428"]
[White "nunc"]
[Black "grone"]
[WhiteElo "1362"]
[BlackElo "959"]
[WhiteRD "na"]
[BlackRD "na"]
[TimeControl "300+0"]
[Date "1999.04.13"]
[Time "11:23:00"]
[WhiteClock "0:05:00.000"]
[BlackClock "0:05:00.000"]
[ECO "C30"]
[PlyCount "111"]
[Result "1/2-1/2"]

1. e4 e5 2. f4 Nc6 3. Nf3 d6 4. Bb5 Qd7 5. fxe5 dxe5 6. Nxe5 Bc5 7. Nxd7 Bxd7 8. d4 Bb4+ 9. c3 Bd6 10. d5 Ne5 11. Bxd7+ Kxd7 12. O-O Nf6 13. Bg5 Nxe4 14. Bf4 Rhe8 15. Qd4 Nc6 16. dxc6+ bxc6 17. Nd2 Nf6 18. Bxd6 cxd6 19. Nc4 Re6 20. Rfe1 Rae8 21. Qxa7+ Kd8 22. Rxe6 fxe6 23. Nxd6 Re7 24. Qb6+ Kd7 25. Qb7+ Kxd6 26. Rd1+ Nd5 27. Qxe7+ Kxe7 28. c4 Ne3 29. Rd3 Nxc4 30. b3 Ne5 31. Rd2 g5 32. Kf2 Ng4+ 33. Kg3 h5 34. h3 h4+ 35. Kxg4 Kf6 36. Rd6 c5 37. Rc6 Ke5 38. Rxe6+ Kxe6 39. Kxg5 Kd5 40. Kxh4 Ke5 41. Kg5 Ke4 42. h4 Kd3 43. h5 Kc3 44. h6 Kb2 45. h7 Kxa2 46. h8=Q Kxb3 47. Qe5 c4 48. Qe3+ c3 49. Qc1 Kc4 50. Kf4 Kd3 51. Kf3 c2 52. g4 Kc3 53. Ke3 Kb3 54. Kd3 Ka2 55. Qxc2+ Ka1 56. Qb3 {Game drawn by stalemate} 1/2-1/2

[Event "FICS rated blitz game"]
[Site "FICS freechess.org"]
[FICSGamesDBGameNo "20000427"]
[White "bigboss"]
[Black "Imi"]
[WhiteElo "1577"]
[BlackElo "1630"]
[WhiteRD "na"]
[BlackRD "na"]
[TimeControl "180+0"]
[Date "1999.04.13"]
[Time "10:27:00"]
[WhiteClock "0:03:00.000"]
[BlackClock "0:03:00.000"]
[ECO "E00"]
[PlyCount "47"]
[Result "1-0"]

1. d4 b6 2. c4 Nf6 3. Nc3 e6 4. e4 Bb7 5. Bd3 Bc5 6. dxc5 bxc5 7. Nf3 O-O 8. Bg5 h6 9. Bh4 g5 10. Nxg5 hxg5 11. Bxg5 Kg7 12. e5 d6 13. Bxf6+ Qxf6 14. exf6+ Kxf6 15. Qh5 Ke7 16. O-O-O Nc6 17. f4 Rab8 18. f5 e5 19. Nd5+ Kd7 20. f6 Nd4 21. Bf5+ Ne6 22. Bxe6+ fxe6 23. Qh7+ Kc6 24. Qxc7# {Black checkmated} 1-0

[Event "FICS rated blitz game"]
[Site "FICS freechess.org"]
[FICSGamesDBGameNo "20000426"]
[White "rschaaf"]
[Black "Zaupa"]
[WhiteElo "1408"]
[BlackElo "1619"]
[WhiteRD "na"]
[BlackRD "na"]
[TimeControl "300+0"]
[Date "1999.04.13"]
[Time "08:49:00"]
[WhiteClock "0:05:00.000"]
[BlackClock "0:05:00.000"]
[ECO "B01"]
[PlyCount "112"]
[Result "0-1"]

1. e4 d5 2. exd5 Qxd5 3. Nc3 Qa5 4. Nf3 Bg4 5. d4 e6 6. Be2 Nf6 7. Ne5 Bxe2 8. Qxe2 Bb4 9. Bd2 Nbd7 10. O-O O-O-O 11. Nxf7 Rdf8 12. Nxh8 Rxh8 13. a3 Bxc3 14. Bxc3 Qb6 15. Rab1 h5 16. a4 h4 17. a5 Qd6 18. b4 h3 19. g3 Qd5 20. f3 g5 21. Bd2 g4 22. c3 gxf3 23. Rxf3 Ne4 24. Be3 Nxc3 25. Qf2 Nxb1 26. Qf1 Nc3 27. Rf2 b6 28. axb6 axb6 29. Qa1 Ne4 30. Re2 Kb7 31. Bf4 Rg8 32. Qc1 Qxd4+ 33. Kf1 Nd6 34. Rd2 Qe4 35. Rf2 e5 36. Be3 Rf8 37. Qd2 Rxf2+ 38. Bxf2 Qg2+ 39. Ke1 Qh1+ 40. Ke2 Qe4+ 41. Kf1 Nc4 42. Qc3 b5 43. g4 Ndb6 44. Qxh3 Nd2+ 45. Kg1 Nd5 46. Qg2 Nf3+ 47. Kh1 Nf4 48. Qf1 Nd2+ 49. Kg1 Nxf1 50. Kxf1 Qe2+ 51. Kg1 Qxg4+ 52. Kf1 Qf3 53. h4 Nd3 54. Kg1 Qxf2+ 55. Kh1 Nf4 56. h5 Qg2# {White checkmated} 0-1

[Event "FICS rated lightning game"]
[Site "FICS freechess.org"]
[FICSGamesDBGameNo "20000425"]
[White "osiliseli"]
[Black "kubu"]
[WhiteElo "2021"]
[BlackElo "2104"]
[WhiteRD "na"]
[BlackRD "na"]
[TimeControl "120+0"]
[Date "1999.04.12"]
[Time "19:16:00"]
[WhiteClock "0:02:00.000"]
[BlackClock "0:02:00.000"]
[ECO "C24"]
[PlyCount "114"]
[Result "0-1"]

1. e4 e5 2. Bc4 Nf6 3. d4 exd4 4. Nf3 Nxe4 5. Qxd4 Nf6 6. Bg5 Be7 7. Nc3 c6 8. O-O-O d5 9. Rhe1 Be6 10. Bd3 Nbd7 11. Qh4 Ng8 12. Rxe6 fxe6 13. Qh5+ Kf8 14. Re1 Qe8 15. Qh4 Qf7 16. Nd4 e5 17. Nf3 e4 18. Bxe7+ Qxe7 19. Ng5 Ngf6 20. Ncxe4 dxe4 21. Bxe4 Qd6 22. Bxh7 Re8 23. Rxe8+ Nxe8 24. Qh5 Qf6 25. Qg4 Ne5 26. Qg3 Nd6 27. Bd3 Nxd3+ 28. cxd3 Rh5 29. Ne4 Nxe4 30. dxe4 Rc5+ 31. Kb1 Qe5 32. Qf3+ Kg8 33. Qd3 Qe7 34. Qb3+ Kf8 35. a3 Re5 36. Qc2 Rxe4 37. Ka2 Re2 38. Qb3 Qe6 39. Qxe6 Rxe6 40. Kb3 Re2 41. Kc3 Rxf2 42. g3 Rg2 43. b4 Rxh2 44. Kc4 Rg2 45. Kc5 Rxg3 46. a4 Ra3 47. Kd6 b6 48. Kxc6 Rxa4 49. Kb5 Rxb4+ 50. Kxb4 g5 51. Kc4 a5 52. Kd4 a4 53. Kc4 a3 54. Kb4 g4 55. Kb5 g3 56. Kxb6 g2 57. Kc6 g1=Q {White resigns} 0-1

[Event "FICS rated blitz game"]
[Site "FICS freechess.org"]
[FICSGamesDBGameNo "20000424"]
[White "marix"]
[Black "colinpace"]
[WhiteElo "1708"]
[BlackElo "1636"]
[WhiteRD "na"]
[BlackRD "na"]
[TimeControl "120+12"]
[Date "1999.04.12"]
[Time "12:03:00"]
[WhiteClock "0:02:00.000"]
[BlackClock "0:02:00.000"]
[ECO "A00"]
[PlyCount "112"]
[Result "0-1"]

1. b4 e5 2. Bb2 d6 3. Nf3 f5 4. e3 Nf6 5. Be2 Be7 6. O-O Be6 7. d3 Nbd7 8. c4 c6 9. Qb3 Bf7 10. Ng5 O-O 11. Nd2 a5 12. Nxf7 Rxf7 13. a3 g5 14. f4 Kh8 15. fxg5 Ng8 16. Nf3 Bxg5 17. Nxg5 Qxg5 18. Rf3 Ngf6 19. Rg3 Qh6 20. Rf1 Nh5 21. Bxh5 Qxh5 22. c5 d5 23. Qd1 Qh6 24. Rh3 Qg7 25. Qh5 Qf6 26. Rg3 axb4 27. axb4 Ra2 28. Bc3 Rc2 29. Be1 e4 30. dxe4 dxe4 31. Qd1 Qb2 32. Rf2 Rxf2 33. Bxf2 Qxb4 34. Qa1+ Nf6 35. Be1 Qxc5 36. Bc3 Qe7 37. Qa8+ Rf8 38. Qa1 b5 39. Qb2 Qd8 40. h3 Qe7 41. Rg5 Qe6 42. Qa3 Rg8 43. Rxg8+ Kxg8 44. Qa1 Nd5 45. Qa8+ Kf7 46. Bd4 f4 47. Qh8 Qg6 48. Qc8 f3 49. Qd7+ Ne7 50. g4 Qe6 51. Qc7 Qa2 52. Qf4+ Ke8 53. Qb8+ Kd7 54. Qg3 Qb1+ 55. Kh2 Qc2+ 56. Kh1 c5 {White resigns} 0-1

[Event "FICS rated blitz game"]
[Site "FICS freechess.org"]
[FICSGamesDBGameNo "20000422"]
[White "dempsey"]
[Black "Lolli"]
[WhiteElo "1856"]
[BlackElo "1531"]
[WhiteRD "na"]
[BlackRD "na"]
[TimeControl "180+0"]
[Date "1999.04.12"]
[Time "10:21:00"]
[WhiteClock "0:03:00.000"]
[BlackClock "0:03:00.000"]
[ECO "E61"]
[PlyCount "82"]
[Result "0-1"]

1. d4 d6 2. c4 Nf6 3. Nc3 g6 4. Nf3 Bg7 5. Bg5 O-O 6. e3 c5 7. d5 a6 8. a4 e6 9. Be2 Qa5 10. O-O exd5 11. cxd5 Nbd7 12. Nd2 Ne5 13. f4 Neg4 14. Nc4 Qc7 15. e4 h6 16. Bxf6 Nxf6 17. e5 dxe5 18. fxe5 Nd7 19. d6 Qd8 20. Qd5 Nb6 21. Qxc5 Nxc4 22. Qxc4 Be6 23. Qf4 Rc8 24. Ne4 Rc4 25. Kh1 Bf5 26. Bxc4 Qb6 27. Nf6+ Kh8 28. d7 Qc7 29. Rad1 Bxd7 30. Nxd7 Qxc4 31. Qxc4 Rd8 32. Rxf7 Kh7 33. Rdf1 h5 34. Nf6+ Kh6 35. Qf4+ g5 36. Qf5 Rh8 37. Qh7+ Rxh7 38. Ng4+ Kg6 39. R7f5 Bh8 40. Ne3 g4 41. Rf7 Rxf7 {White forfeits on time} 0-1

[Event "FICS rated blitz game"]
[Site "FICS freechess.org"]
[FICSGamesDBGameNo "20000421"]
[White "mrbd"]
[Black "denshi"]
[WhiteElo "1447"]
[BlackElo "1463"]
[WhiteRD "na"]
[BlackRD "na"]
[TimeControl "300+5"]
[Date "1999.04.12"]
[Time "03:05:00"]
[WhiteClock "0:05:00.000"]
[BlackClock "0:05:00.000"]
[ECO "C62"]
[PlyCount "42"]
[Result "0-1"]

1. e4 e5 2. Nf3 Nc6 3. Bb5 d6 4. d4 exd4 5. Nxd4 Bd7 6. O-O Nf6 7. Nc3 Nxd4 8. Bxd7+ Qxd7 9. Qxd4 Be7 10. Bg5 O-O 11. Rad1 b6 12. b4 Rfe8 13. Rfe1 Qg4 14. f4 Nh5 15. Bxe7 Rxe7 16. Qd5 Rae8 17. g3 Nxf4 18. Kf2 Nh3+ 19. Kg2 Nf4+ 20. Kf2 Nxd5 21. Nxd5 Rxe4 {White resigns} 0-1

[Event "FICS rated blitz game"]
[Site "FICS freechess.org"]
[FICSGamesDBGameNo "20000420"]
[White "Rglis"]
[Black "Gpoint"]
[WhiteElo "1945"]
[BlackElo "1937"]
[WhiteRD "na"]
[BlackRD "na"]
[TimeControl "180+0"]
[Date "1999.04.12"]
[Time "01:32:00"]
[WhiteClock "0:03:00.000"]
[BlackClock "0:03:00.000"]
[ECO "A26"]
[PlyCount "54"]
[Result "0-1"]

1. c4 Nf6 2. g3 g6 3. Bg2 Bg7 4. Nf3 O-O 5. O-O d6 6. Nc3 e5 7. d3 Nc6 8. Rb1 Be6 9. b4 h6 10. b5 Ne7 11. a4 c6 12. Nd2 Qc7 13. Ba3 Rfd8 14. Qb3 d5 15. cxd5 Nexd5 16. Nxd5 Nxd5 17. Nc4 cxb5 18. axb5 Nb6 19. Rfc1 Nxc4 20. dxc4 Rd4 21. b6 axb6 22. Bb2 Rxc4 23. Rxc4 Qxc4 24. Qxb6 Qxe2 25. Qxb7 Ra2 26. Qb8+ Kh7 27. Bf1 Qc2 {White resigns} 0-1

[Event "FICS rated blitz game"]
[Site "FICS freechess.org"]
[FICSGamesDBGameNo "20000419"]
[White "Drakem"]
[Black "BudoChase"]
[WhiteElo "1580"]
[BlackElo "1788"]
[WhiteRD "na"]
[BlackRD "na"]
[TimeControl "420+0"]
[Date "1999.04.11"]
[Time "20:56:00"]
[WhiteClock "0:07:00.000"]
[BlackClock "0:07:00.000"]
[ECO "A45"]
[PlyCount "102"]
[Result "0-1"]

1. d4 Nf6 2. b3 d5 3. Bb2 c6 4. g3 Bf5 5. Bg2 Nbd7 6. Nd2 e6 7. e3 Bd6 8. Ne2 O-O 9. O-O e5 10. Rc1 Re8 11. c4 e4 12. cxd5 cxd5 13. Nc3 Rc8 14. Nb5 Bb8 15. Rxc8 Qxc8 16. Qc1 a6 17. Nc3 Qc7 18. Na4 Rc8 19. Qxc7 Rxc7 20. Rc1 b5 21. Rxc7 Bxc7 22. Nc5 Nxc5 23. dxc5 Nd7 24. b4 a5 25. a3 Nb8 26. Nb3 axb4 27. axb4 Nc6 28. Bc3 f6 29. Nd4 Nxd4 30. Bxd4 Kf7 31. Kf1 Ke6 32. Ke2 Bg4+ 33. Kd2 Kd7 34. Bf1 Kc6 35. Bg2 Be5 36. Bf1 g5 37. Be2 Be6 38. f3 exf3 39. Bxf3 g4 40. Be2 h5 41. Bd3 Bxd4 42. exd4 Bd7 43. Ke3 Kc7 44. Kf4 Kd8 45. Bf5 Be8 46. Be6 Bc6 47. Kf5 Ke7 48. Bg8 Kf8 49. Bh7 Kg7 50. Bg6 Bd7+ 51. Kf4 Kxg6 {White resigns} 0-1